AoeStats
← Leão

African Clearing

506950454Analyzed
2v2 RM · 17d ago on Sep 15, 2026· 23m 15s· 4 players
Game mode
Random Map
Map size
Medium (4 player)
Population
200
Speed
Normal
Resources
Standard
Victory
Conquest
Starting age
Dark Age
Ending age
Imperial Age
RankedLock teamsTeams togetherTeam positionsShared explorationLock speedFull tech treeHidden civsTurbo modeCheats
Victory
Defeat
🇧🇷 Jurchens · Brazil
1335
+16
🇧🇷 Wu · Brazil
1335
+16
🇧🇷 Khmer · Brazil
1382
-18
🇧🇷 Berbers · Brazil
1295
-14
Bill
4:20 Loom
13:11 Feudal Age
17:41 Castle Age
17:25 Double-Bit Axe
Borborema
3:35 Loom
12:41 Feudal Age
18:12 Castle Age
16:35 Scale Mail Armor
19:27 Double-Bit Axe
Leão
8:27 Loom
14:17 Feudal Age
18:11 Castle Age
17:09 Double-Bit Axe
wandersonkilim
11:45 Feudal Age
11:01 Loom
12:37 Double-Bit Axe
12:39 Town Watch
14:33 Forging
17:42 Scale Barding Armor
Connection lost

Rejoining the realm…

Still unreachable

The connection could not be restored.

Session expired

The server has moved on; the page needs a fresh start.